 Dungeon Crawl Stone Soup version 0.30-a0-250-g41c1d76940 (webtiles) character file.

Game seed: 12454783323471338276

30 brknglss the Firebug (level 3, -4/27 HPs)
             Began as a Draconian Fire Elementalist on Oct 13, 2022.
             Slain by Sigmund
             ... wielding a +0 scythe
              (6 damage)
             ... on level 3 of the Dungeon.
             The game lasted 00:03:52 (2311 turns).

brknglss the Firebug (Draconian Fire Elementalist)  Turns: 2311, Time: 00:03:53

Health: -4/27      AC:  5    Str: 10    XL:     3   Next: 3%
Magic:  1/6        EV: 12    Int: 17    God:
Gold:   127        SH:  0    Dex: 11    Spells: 3/6 levels left

rFire   . . .      SeeInvis .    j - +0 dagger
rCold   . . .      Faith    .    (no shield)
rNeg    . . .      Spirit   .    (body armour unavailable)
rPois   .          Reflect  .    (helmet restricted)
rElec   .          Harm     .    (no cloak)
rCorr   .          Rampage  .    (no gloves)
Will    .....                    (no boots)
Stlth   +.........               (no amulet)
HPRegen 0.24/turn                (no ring)
MPRegen 0.10/turn                (no ring)

@: confused
A: AC +5, unfitting armour, cold-blooded
a: no special abilities


You were on level 3 of the Dungeon.
You visited 1 branch of the dungeon, and saw 3 of its levels.

You collected 127 gold pieces.

Inventory:

Hand Weapons
 j - a +0 dagger (weapon)
Magical Staves
 f - a staff of poison
Scrolls
 c - a scroll of noise {unknown}
 e - 2 scrolls of poison {unknown}
 g - a scroll of teleportation {unknown}
 h - a scroll of identify {unknown}
 k - a scroll of butterflies {unknown}
Potions
 a - a potion of magic
 b - a potion of berserk rage {unknown}
 d - a potion of curing {unknown}
 i - 2 potions of flight {unknown}
 l - a potion of brilliance {unknown}


   Skills:
 + Level 0.9 Fighting
 + Level 2.1 Dodging
 - Level 1.7 Stealth
 + Level 2.2 Spellcasting
 + Level 1.4 Conjurations
 * Level 3.4 Fire Magic


You had 3 spell levels left.
You knew the following spells:

 Your Spells              Type           Power      Damage    Failure   Level
a - Foxfire               Conj/Fire      40%        2x1d6     7%          1
b - Scorch                Fire           26%        2d6       7%          2

Your spell library contained the following spells:

 Spells                   Type           Power      Damage    Failure   Level
 Freeze                   Ice            4%         1d3       19%         1
 Sandblast                Erth           2%         2d4       19%         1
 Sting                    Tmut/Pois      4%         1d3       19%         1
 Poisonous Vapours        Pois/Air       2%         N/A       28%         2
 Inner Flame              Hex/Fire       7%         N/A       28%         3
 Kindle Blastsparks       Fire/Tloc/Air  10%        2d10      34%         3
 Call Canine Familiar     Summ           1%         N/A       50%         3
 Portal Projectile        Hex/Tloc       2%         N/A       50%         3
 Flame Wave               Conj/Fire      10%        2d6       56%         4
 Ice Form                 Ice/Tmut       1%         N/A       88%         4
 Leda's Liquefaction      Hex/Erth       0%         N/A       88%         4
 Olgreb's Toxic Radiance  Pois           1%         N/A       88%         4
 Lehudib's Crystal Spear  Conj/Erth      2%         10d2      100%        8


Dungeon Overview and Level Annotations

Branches:
Dungeon (3/15)

Altars:

Annotations:
D:3 Sigmund


Innate Abilities, Weirdness & Mutations

Your plain brown scales are hard. (AC +5)
You cannot fit into any form of body armour.
You are cold-blooded and may be slowed by cold attacks.


Message History

Sigmund the Dreaded comes into view.
He is wielding a +0 scythe.
Memorise Scorch, consuming 2 spell levels and leaving 3?
You start memorising the spell.
You continue memorising. x2
You finish memorising.
Spell assigned to 'b'.
Casting: Foxfire (safe; 7% risk of failure)
Confirm with . or Enter, or press ? or * to list all spells.
Flames lash Sigmund.
Sigmund is moderately wounded.
Sigmund's fire resistance burns away.
Sigmund is no longer more vulnerable to fire.
Sigmund is suddenly surrounded by pale blue light.
Sigmund casts a spell at you. You resist with significant effort.
Casting: Scorch (safe; 7% risk of failure)
Confirm with . or Enter, or press ? or * to list all spells.
Flames lash Sigmund.
Sigmund is moderately wounded.
Sigmund's fire resistance burns away.
You hear the slow rusting of a distant drain.
Casting: Scorch (safe; 7% risk of failure)
Confirm with . or Enter, or press ? or * to list all spells.
Flames lash Sigmund.
Sigmund is burned terribly!
Sigmund is severely wounded.
Sigmund gestures at you while chanting. The puff of flame hits you!
Sigmund gestures at you while chanting. The puff of flame hits you!
You closely miss Sigmund.
Sigmund is severely wounded.
Sigmund casts a spell at you. The puff of flame hits you!
* * * LOW HITPOINT WARNING * * *
You hit Sigmund. You tail-slap Sigmund.
Sigmund is almost dead.
Sigmund gestures at you while chanting.
You are confused.
You closely miss Sigmund.
Sigmund is almost dead.
Sigmund hits you with a +0 scythe.
You die...

#.# #.# #.#
#.# #.# #.#
#.# #@#
###@# #...#
#.##########
#.# #....<.#
#.# #.######
#># #.#
#.###.##
#.##...#
#.##...###


You could see Sigmund (combustible).

Vanquished Creatures
  An adder (D:2)
  A worm (D:2)
  3 ball pythons
  An endoplasm (D:1)
  A giant cockroach (D:2)
  A goblin (D:1)
  3 hobgoblins
  3 kobolds
  A quokka (D:2)
  A frilled lizard (D:2)
  2 rats (D:1)
18 creatures vanquished.

Vanquished Creatures (others)
  57 foxfires
57 creatures vanquished.

Grand Total: 75 creatures vanquished

Notes
Turn   | Place    | Note
-------+----------+-------------------------------------------
     0 | D:1      | brknglss the Draconian Fire Elementalist began the quest
                  | for the Orb.
     0 | D:1      | Reached XP level 1. HP: 14/14 MP: 3/3
   370 | D:1      | Got the Precepts of Metal and the Blizzard
   820 | D:1      | Reached XP level 2. HP: 22/22 MP: 1/5
  1931 | D:2      | Reached XP level 3. HP: 27/27 MP: 1/6
  2285 | D:3      | Noticed Sigmund
  2293 | D:3      | Learned a level 2 spell: Scorch
  2311 | D:3      | Slain by Sigmund

Illustrated notes

Levels and vault maps discovered:
D:1:      dpeg_arrival_rooms_with_view, layout_loops_ring
D:2:      layout_loops_ring, chequers_serial_rivers_small_b
D:3:      layout_loops_ring, gup_sewer_entry_glass, uniq_robin, uniq_sigmund,
          uniq_crazy_yiuf_cottage

Skill      XL: |  1  2 |
---------------+-------+-----
Dodging        | 2 |  2.1
Fighting       | |  0.9
Stealth        | |  1.7
Spellcasting   | |  2.2
Conjurations   | |  1.4
Fire Magic     | |  3.4

Action                   || total
-------------------------++-------
Melee: Unarmed           ||    11
       Tailslap          ||     5
       Dagger            ||    15
 Cast: Foxfire           ||    37
       Scorch            ||     3
 Stab: Sleeping          ||     1
Armor: Skin              ||     8
Dodge: Dodged            ||    26

Table legend: (Time is in decaauts)
 A = Elapsed time spent in this place.
 B = Non-inter-level travel time spent in this place.
 C = Inter-level travel time spent in this place.
 D = Time resting spent in this place.
 E = Time spent auto-exploring this place.
 F = Levels seen in this place.
 G = Mean time per level.
                   A        B        C        D        E       F      G
               +--------+--------+--------+--------+--------+-----+--------+
         Total |   2312 |   2261 |     51 |    693 |   1234 |   3 |  770.7 |
       Dungeon |   2312 |   2261 |     51 |    693 |   1234 |   3 |  770.7 |
               +--------+--------+--------+--------+--------+-----+--------+

Top non-repeatable levels by time:
     D:1: 1268 daAuts
     D:2: 989 daAuts
     D:3: 54 daAuts
